 Dungeon Crawl Stone Soup version 0.22-a0-448-g1fb7470 (webtiles) character file.

819 xccam the Changer (level 7, -5/52 HPs)
             Began as a Green Draconian Transmuter on June 4, 2018.
             Slain by a thrashing horror (9 damage)
             ... on level 1 of the Abyss.
             The game lasted 00:12:04 (5337 turns).

xccam the Changer (Green Draconian Transmuter)      Turns: 5337, Time: 00:12:05

Health: -5/52      AC:  6    Str: 13    XL:     7   Next: 63%
Magic:  15/15      EV: 12    Int: 14    God:
Gold:   198        SH:  0    Dex: 12    Spells: 9/17 levels left

rFire    . . .     SeeInvis .     - Unarmed
rCold    . . .     Gourm    .   (no shield)
rNeg     . . .     Faith    .   (armour unavailable)
rPois    +         Spirit   .   (helmet restricted)
rElec    .         Reflect  .   (no cloak)
rCorr    .         Harm     .   (no gloves)
MR       .....                  (no boots)
Stlth    +.........             (no amulet)
HPRegen  0.17/turn              (no ring)
MPRegen  0.14/turn              (no ring)

@: about to teleport
A: breathe noxious fumes, unfitting armour, poison resistance, cold-blooded, AC
+6
a: Breathe Noxious Fumes


You were on level 1 of the Abyss.
You were not hungry.

You visited 1 branch of the dungeon, and saw 4 of its levels.
You visited the Abyss 1 time.
You also visited: Sewer.

You collected 198 gold pieces.

Inventory:

Missiles
 a - 48 arrows
Jewellery
 b - an uncursed ring of fire
Scrolls
 e - a scroll of remove curse
 g - a scroll of fog
 h - a scroll of teleportation
 i - a scroll of fear {unknown}
 n - a scroll of enchant armour {unknown}
Potions
 d - 2 potions of flight
 f - a potion of haste {unknown}
 j - a potion of agility {unknown}
 k - a potion of invisibility
 l - a potion of resistance {unknown}
 m - a potion of curing
 o - a potion of mutation {unknown}
Comestibles
 c - 7 rations


   Skills:
 - Level 1.1 Fighting
 - Level 1.7 Dodging
 - Level 4.2 Unarmed Combat
 * Level 5.5 Spellcasting
 * Level 5.9 Transmutations


You had 9 spell levels left.
You knew the following spells:

 Your Spells              Type           Power        Failure   Level  Hunger
a - Beastly Appendage     Tmut           ###...       1%          1    None
b - Sticks to Snakes      Tmut           ###.....     2%          2    ##.....
c - Blade Hands           Tmut           ###.......   36%         5    ######.

Your spell library contained the following spells:

 Spells                   Type           Power        Failure   Level  Hunger
 Spider Form              Tmut/Pois      ##........   14%         3    ###....
 Ice Form                 Ice/Tmut       ##......     43%         4    ####...


Dungeon Overview and Level Annotations

Branches:
Dungeon (4/15)
 Temple: D:4-7

Altars:
Dithmenos
Sif Muna
Zin
The Shining One


Innate Abilities, Weirdness & Mutations

You can breathe blasts of noxious fumes.
Your lurid green scales are hard. (AC +6)
You cannot fit into any form of body armour.
Your system is resistant to poisons. (rPois)
You are cold-blooded and may be slowed by cold attacks.


Message History

The thrashing horror tramples you!
You hold your ground!
The thrashing horror tramples you but does no damage.
The thrashing horror tramples you!
You stumble backwards!
You see here 51 gold pieces.
As you read the scroll of teleportation, it crumbles to dust.
You feel strangely unstable.
You feel the power of the Abyss delaying your translocation!
The thrashing horror roars!
The thrashing horror tramples you but does no damage.
The thrashing horror tramples you.
You hold your ground!
You now have 198 gold pieces (gained 51).
The thrashing horror roars!
The thrashing horror tramples you!
* * * LOW HITPOINT WARNING * * *
You hold your ground!
The thrashing horror tramples you.
* * * LOW HITPOINT WARNING * * *
You hold your ground!
The thrashing horror closely misses you.
The thrashing horror tramples you!
You die...

## ## # ..#
§.#§§##### ..
#.§...@.#.#
#...#.X..#
...#....### #
#.#.#...#
#...#.#....# ##
#....#......#
...........#.######
. ###.....##. #
..##....#.....#


You could see a thrashing horror.

Vanquished Creatures
  5 big kobolds (Sewer)
  A crimson imp (D:2)
  An orc wizard (D:4)
  A worker ant (D:4)
  6 gnolls (D:2)
  10 adders
  4 river rats
  A shadow imp (D:2)
  4 oozes (Sewer)
  4 worms
  A dart slug (D:1)
  2 leopard geckos (D:3)
  3 orcs
  3 ball pythons (Sewer)
  10 bats
  5 giant cockroaches
  8 hobgoblins
  4 jackals (D:3)
  A frilled lizard (D:2)
  7 goblins
  6 kobolds
  A leopard gecko skeleton (D:4)
  13 rats
101 creatures vanquished.

Vanquished Creatures (collateral kills)
  The ghost of xccam the Changer, an amateur DrTm (D:3)
  A river rat (Sewer)
2 creatures vanquished.

Vanquished Creatures (others)
  A lurking horror (Abyss:1)
1 creature vanquished.

Grand Total: 104 creatures vanquished

Notes
Turn   | Place    | Note
-------+----------+-------------------------------------------
     0 | D:1      | xccam the Draconian Transmuter began the quest for the Orb.
     0 | D:1      | Reached XP level 1. HP: 16/16 MP: 3/3
    81 | D:1      | Reached XP level 2. HP: 7/23 MP: 3/5
   997 | D:2      | Found a deep blue altar of Sif Muna.
  1003 | D:2      | Reached XP level 3. HP: 24/28 MP: 4/6
  1445 | D:1      | Learned a level 2 spell: Sticks to Snakes
  1453 | D:2      | Reached XP level 4. HP: 15/35 MP: 2/8
  1943 | D:2      | Found a shadowy altar of Dithmenos.
  2338 | D:2      | Found a glowing golden altar of the Shining One.
  2353 | D:2      | Reached XP level 5. HP: 30/40 MP: 10/10
  2435 | D:2      | You fall through a shaft!
  2535 | D:3      | Noticed xccam's ghost (amateur DrTm)
  2565 | D:3      | Killed xccam's ghost
  2565 | D:3      | Reached XP level 6. HP: 5/47 MP: 2/12
  2706 | D:3      | Found a glowing silver altar of Zin.
  3032 | D:3      | Found a glowing drain.
  3036 | Sewer    | Entered a sewer
  3659 | Sewer    | Reached skill level 5 in Transmutations
  3859 | Sewer    | Your scales start taking on a lurid green colour.
  3859 | Sewer    | Reached XP level 7. HP: 14/52 MP: 9/14
  3859 | Sewer    | Gained mutation: Your system is resistant to poisons. (rPois) [Green Draconian growth]
  4176 | Sewer    | Reached skill level 5 in Spellcasting
  5025 | D:4      | Learned a level 5 spell: Blade Hands
  5097 | D:4      | Cast into level 1 of the Abyss (orc)
  5149 | Abyss:1  | Noticed a raiju
  5174 | Abyss:1  | Noticed a small abomination
  5332 | Abyss:1  | Noticed a thrashing horror
  5337 | Abyss:1  | Slain by a thrashing horror

Vault maps used:
D:1:      scummos_arrival_simple_fountains, minmay_heptomino_l4
D:2:      lemuel_crystal_altar, nicolae_tso_swordbearing_angel,
          nicolae_dithmenos_through_a_glass_darkly
D:3:      lemuel_crystal_altar, gup_sewer_entry_spiral, first_ration
D:4:      fedhas_altar_4, kennysheep_mini_moat, nrook_mini_backslash
Sewer:    sewer_co_tree

Skill      XL: |  1  2  3  4  5  6  7 |
---------------+----------------------+-----
Transmutations | 3 4 5 |  5.9
Spellcasting   | 3 4 5 |  5.5
Unarmed Combat | 4 |  4.2
Fighting       | |  1.1
Dodging        | |  1.7

Action                   |  1- 3 |  4- 6 |  7- 9 || total
-------------------------+-------+-------+-------++-------
Melee: Unarmed           |   121 |   303 |   100 ||   524
       Kick              |    10 |    17 |     6 ||    33
       Tailslap          |    11 |    27 |    15 ||    53
       Punch             |     3 |     4 |     1 ||     8
       Headbutt          |     1 |     3 |       ||     4
 Cast: Beastly Appendage |     7 |    17 |     2 ||    26
       Sticks to Snakes  |     1 |     9 |     2 ||    12
 Abil: Breathe Noxious F |       |       |     6 ||     6
  Use: Scroll            |       |     7 |     2 ||     9
       Potion            |       |     2 |       ||     2
 Stab: Distracted        |       |     2 |       ||     2
       Confused          |       |       |     3 ||     3
       Sleeping          |       |       |     1 ||     1
  Eat: Chunk             |     2 |     7 |     4 ||    13
       Ration            |       |     1 |     1 ||     2
Armor: Skin              |    34 |    77 |    13 ||   124
Dodge: Dodged            |    62 |   185 |    46 ||   293

Table legend:
 A = Spawn XP
 B = Non-spawn XP
 C = Spawn XP percentage of total XP
 D = Spawn monster count
 E = Non-spawn monster count
 F = Spawn count percentage of total count
 G = Total turns spent on level
                    A         B        C        D         E        F      G
               +---------+---------+-------+---------+---------+-------+---------
         Total |       0 |    1170 |   0.0 |       0 |     103 |   0.0 |  5337
               +---------+---------+-------+---------+---------+-------+---------
           D:1 |       0 |      38 |   0.0 |       0 |      21 |   0.0 |  1172
           D:2 |       0 |     207 |   0.0 |       0 |      26 |   0.0 |  1263
           D:3 |       0 |     238 |   0.0 |       0 |      23 |   0.0 |  1017
           D:4 |       0 |      79 |   0.0 |       0 |       5 |   0.0 |   135
         Sewer |       0 |     608 |   0.0 |       0 |      28 |   0.0 |  1510
               +---------+---------+-------+---------+---------+-------+---------
